 Dungeon Crawl Stone Soup version 0.13-a0-3016-gcb2faac (webtiles) character file.

1175 PolkaDot the Ruinous (level 7, -5/44 HPs)
             Began as a Vampire Wizard on Sept 10, 2013.
             Slain by an ice beast (14 damage)
             ... while paralysed by a potion of paralysis
             ... on Level 4 of the Dungeon.
             The game lasted 00:17:16 (3916 turns).

PolkaDot the Ruinous (Vampire Wizard)               Turns: 3916, Time: 00:17:16

HP  -5/44        AC  8     Str  6      XL: 7   Next: 66%
MP   2/17        EV  2     Int 22      God:
Gold 340         SH  0     Dex 12      Spells:  3 memorised,  5 levels left

Res.Fire  : . . .   See Invis. : +   x - +2,+1 dagger (chaos)
Res.Cold  : . . .   Warding    : .   v - +2 robe {MR+}
Life Prot.: + . .   Conserve   : .   (no shield)
Res.Poison: .       Res.Corr.  : .   b - +0 wizard hat
Res.Elec. : .       Clarity    : .   t - +0 orc cloak
Sust.Abil.: . .     Spirit.Shd : .   i - +2 pair of gauntlets
Res.Mut.  : .       Stasis     : .   (no boots)
Res.Rott. : .       Flight     : .   (no amulet)
Saprovore : . . .                    (no ring)
                                     k - ring of flight

@: paralysed, somewhat resistant to hostile enchantments, stealthy
A: bottle blood, fangs 3, see invisible, unbreathing
a: Bat Form, Bottle Blood, Evoke Flight


You were on level 4 of the Dungeon.
You were not thirsty.

You visited 1 branch of the dungeon, and saw 5 of its levels.

You collected 320 gold pieces.

Inventory:

Hand weapons
 x - a +2,+1 dagger of chaos (weapon)
Armour
 b - a +0 wizard hat (worn)
 d - a +0 buckler
 i - a +2 pair of gauntlets (worn)
 o - a +0 buckler
 t - a +0 orcish cloak (worn)
 v - a +2 robe of magic resistance (worn)
Scrolls
 e - 6 scrolls of identify {unknown}
 f - 3 scrolls of teleportation {unknown}
 g - a scroll of curse armour {unknown}
 l - a scroll of recharging {unknown}
 m - 3 scrolls of remove curse
 q - a scroll of magic mapping {unknown}
 r - a scroll of noise {unknown}
 w - a scroll of random uselessness {unknown}
Jewellery
 k - a ring of flight (left hand)
Potions
 a - 2 potions of blood
 h - 3 potions of curing
 j - 2 potions of heal wounds
 p - a potion of paralysis
 s - 2 potions of brilliance {unknown}
 u - a potion of restore abilities {unknown}
Books
 c - a book of Minor Magic

   Spells                             Type                      Level
   *Magic Dart                        Conjuration                  1
   Blink                              Translocation                2
   Call Imp                           Summoning                    2
   Repel Missiles                     Charms/Air                   2
   Slow                               Hexes                        2
   *Conjure Flame                     Conjuration/Fire             3
   *Mephitic Cloud                    Conjuration/Poison/Air       3


   Skills:
 - Level 2.1 Dodging
 - Level 3.0 Stealth
 - Level 3.0 Spellcasting
 * Level 6.6 Conjurations
   Level 1.0 Summonings
   Level 0.7 Translocations


You had 5 spell levels left.
You knew the following spells:

 Your Spells              Type           Power        Failure   Level  Hunger
a - Magic Dart            Conj           ####         1%          1    None
d - Mephitic Cloud        Conj/Pois/Air  ##......     17%         3    ###....
s - Conjure Flame         Conj/Fire      ###.....     12%         3    ###....


Dungeon Overview and Level Annotations

Branches:
Dungeon (5/27)
 Temple: D:4-7

Altars:
Xom

Shops:
D:5 }


Innate Abilities, Weirdness & Mutations

You can bottle blood from corpses.
You have razor-sharp teeth.*
You have supernaturally acute eyesight.
You can survive without breathing.*


Message History

The ice beast is moderately wounded.
The ice beast hits you but does no damage.
You barely miss the ice beast.
The ice beast is moderately wounded.
The ice beast hits you but does no damage.
You hit the ice beast but do no damage.
The ice beast goes berserk!
You bite the ice beast, but do no damage.
The ice beast is moderately wounded.
The ice beast hits you but does no damage.
Drink which item? (? for menu, Esc to quit)
You suddenly lose the ability to move!
It was a potion of paralysis.
The ice beast hits you. The ice beast freezes you! The ice beast hits you.
The ice beast freezes you!
One of your 3 potions of heal wounds freezes and shatters!
* * * LOW HITPOINT WARNING * * *
The ice beast hits you but does no damage.
The ice beast hits you.
* * * LOW HITPOINT WARNING * * *
The ice beast freezes you!
You die...

.#.##...........###.#####..####[#
................>..............%#
.#)##............#.....##.#####.#
.#.##............#.....##.# #.#
.#.#############.#.....##.# #.#
.#.# #.#.....##.# #.# ##.#
#.#.....##.# #.# #.# #####
#I#.....##.# #.#
#.####...######@#.....##.# #.#
#.....................##.# #.#
#######.%.######..#.<####.# #.#
..................#..####.# #.#
##.############...........# #.#
#.# #.#.#..##########.# #.#
#.#.#..#........... #.#
#.#.#..#.########## #.#
#...#......#


You could see an ice beast (berserk).

Vanquished Creatures
  Pikel (D:4)
  A sky beast (D:5)
  A phantom (D:4)
  A jelly (D:5)
  Ijyb (D:3)
  4 gnolls (D:4)
  8 adders
  A scorpion zombie (D:5)
  7 giant geckos
  6 orcs
  A ball python (D:3)
  8 bats
  10 goblins
  5 hobgoblins
  2 jackals (D:2)
  10 kobolds
  A quokka (D:2)
  3 giant cockroaches
  4 giant newts
  An orc skeleton (D:5)
  A quokka zombie (D:5)
  3 rats
  A rat skeleton (D:5)
81 creatures vanquished.

Vanquished Creatures (others)
  A worker ant (D:4)
  A giant cockroach (D:4)
  A kobold (D:4)
  A rat (D:4)
4 creatures vanquished.

Grand Total: 85 creatures vanquished

Notes
Turn   | Place    | Note
--------------------------------------------------------------
     0 | D:1      | PolkaDot, the Vampire Wizard, began the quest for the Orb.
     0 | D:1      | Reached XP level 1. HP: 11/11 MP: 6/6
   267 | D:1      | Reached skill level 1 in Conjurations
   642 | D:1      | Reached XP level 2. HP: 17/17 MP: 8/8
  1092 | D:2      | Reached XP level 3. HP: 22/22 MP: 8/10
  1704 | D:3      | Reached XP level 4. HP: 28/28 MP: 8/12
  2093 | D:3      | Noticed Ijyb
  2166 | D:3      | Killed Ijyb
  2384 | D:4      | Learned a level 3 spell: Conjure Flame
  2388 | D:4      | Learned a level 3 spell: Mephitic Cloud
  2471 | D:4      | Noticed a phantom
  2507 | D:4      | HP: 1/28 [phantom (3)]
  2646 | D:4      | Killed a phantom
  2646 | D:4      | Reached skill level 4 in Conjurations
  2646 | D:4      | Reached XP level 5. HP: 33/33 MP: 0/13
  2760 | D:4      | Noticed Pikel
  2760 | D:4      | Noticed a slave
  2863 | D:4      | Noticed a slave
  2863 | D:4      | Noticed a slave
  2866 | D:4      | Noticed a slave
  2887 | D:4      | Killed Pikel
  2887 | D:4      | Reached skill level 6 in Conjurations
  2887 | D:4      | Reached XP level 6. HP: 39/39 MP: 3/15
  2887 | D:4      | Reached XP level 7. HP: 44/44 MP: 3/17
  3402 | D:4      | Found a shimmering altar of Xom.
  3543 | D:5      | Entered Level 5 of the Dungeon
  3841 | D:5      | Found Egaz's Gadget Shop.
  3912 | D:4      | Paralysed by a potion of paralysis for 5 turns
  3916 | D:4      | Slain by an ice beast

Action                   |  1- 3 |  4- 6 |  7- 9 || total
-------------------------+-------+-------+-------++-------
Melee: Dagger            |    51 |       |    15 ||    66
       Unarmed           |     4 |       |       ||     4
       Short sword       |    31 |    38 |    29 ||    98
 Cast: Magic Dart        |    75 |    59 |    54 ||   188
       Conjure Flame     |       |     4 |     2 ||     6
       Mephitic Cloud    |       |     2 |     2 ||     4
 Abil: Bottle Blood      |       |       |     6 ||     6
  Use: Potion            |     1 |     3 |     5 ||     9
       Scroll            |       |       |     1 ||     1
 Stab: Sleeping          |     2 |       |       ||     2
       Confused          |       |       |     2 ||     2
       Petrifying        |       |       |     1 ||     1
